 Dungeon Crawl Stone Soup version 0.25-a0-341-g6f074c887a (webtiles) character file.

Game seed: 16940887050584067862, levelgen mode: deterministic

71 BritishOli the Slasher (level 4, 0/35 HPs)
             Began as a Demonspawn Gladiator on Dec 30, 2019.
             Slain by Edmund
             ... wielding a +0 flail of draining
              (1 damage)
             ... on level 4 of the Dungeon.
             The game lasted 00:01:49 (1517 turns).

BritishOli the Slasher (Demonspawn Gladiator)       Turns: 1517, Time: 00:01:50

Health: 0/35       AC:  5    Str: 15    XL:     4   Next: 5%
Magic:  4/4        EV: 12    Int:  9    God:
Gold:   134        SH:  0    Dex: 15    Spells: 3/3 levels left

rFire    . . .     SeeInvis .   a - +0 long sword
rCold    . . .     Gourm    .   (no shield)
rNeg     + . .     Faith    .   b - +0 leather armour
rPois    .         Spirit   .   c - +0 helmet
rElec    .         Reflect  .   (no cloak)
rCorr    .         Harm     .   (no gloves)
MR       .....                  (no boots)
Stlth    +.........             (no amulet)
HPRegen  0.11/turn              o - ring of positive energy (curse)
MPRegen  0.09/turn              (no ring)

@: drained
A: rugged brown scales 1, spiny 1
a: no special abilities


You were on level 4 of the Dungeon.
You were not hungry.

You visited 1 branch of the dungeon, and saw 4 of its levels.

You collected 134 gold pieces.

Inventory:

Hand Weapons
 a - a +0 long sword (weapon)
Missiles
 d - a throwing net (quivered)
Armour
 b - a +0 leather armour (worn)
 c - a +0 helmet (worn)
Jewellery
 o - a cursed ring of positive energy (left hand)
 s - a +4 ring of evasion {unknown}
Scrolls
 e - 7 scrolls of identify {unknown}
 i - a scroll of blinking {unknown}
 j - 3 scrolls of fog {unknown}
 k - a scroll of immolation {unknown}
 m - a scroll of fear {unknown}
 r - a scroll of amnesia {unknown}
Potions
 g - a potion of mutation {unknown}
 h - 2 potions of heal wounds {unknown}
 l - a potion of berserk rage
 n - a potion of lignification {unknown}
 p - a potion of invisibility {unknown}
 q - a potion of might {unknown}
 u - a potion of flight {unknown}
Comestibles
 f - 7 rations


   Skills:
 + Level 2.4(1.6) Fighting
 + Level 3.6(2.9) Long Blades
 - Level 1.7(1.0) Throwing
 + Level 0.6(0.0) Armour
 + Level 3.3(2.6) Dodging


You had 3 spell levels left.
You didn't know any spells.
Your spell library was empty.

Dungeon Overview and Level Annotations

Branches:
Dungeon (4/15)
 Temple: D:4-7

Altars:
Cheibriados
Elyvilon
Okawaru

Annotations:
D:4 Edmund


Innate Abilities, Weirdness & Mutations

You are partially covered in rugged brown scales. (AC +1, +3% HP)
You are partially covered in sharp spines.


Message History

Edmund is lightly wounded.
Edmund hits you with a +0 flail of draining!
You partially resist.
You feel drained. Edmund barely misses you.
Throwing (i - inventory)
d - 2 throwing nets (quivered)
Press: ? - help, Shift-Dir - straight line, f/p - Edmund
Aim: Edmund, wielding a +0 flail of draining and wearing a +0 chain mail (lightly wounded, berserk, fast, unusually strong)
You throw a throwing net. The throwing net hits Edmund.
Edmund is caught in the net!
Edmund is lightly wounded.
Edmund struggles against the net.
Edmund struggles against the net.
Edmund struggles against the net. x2
The net rips apart, and Edmund comes free!
Edmund misses you. Edmund hits you but does no damage. You partially resist.
You feel drained.
There is a stone staircase leading up here.
Edmund hits you with a +0 flail of draining!
* * * LOW HITPOINT WARNING * * *
You partially resist.
You feel drained.
You die...

.
#.####.#.>..................
.
#....#.#.#######.##.########
# #.##.#.#.# #.##.# #
#.##.#.#.# #.##.# #
#.##.#.#.# #.##.#
####......#.#######.##.#
........#...........##.#
#########.############.# #
#.........<.@@......#########
#
#.#....############....._...#
## #.#.####
################.## .###.#.#
#.........# #.# .....#.#
#.#######.# #.# .###.#.# #.#
#.# #.# .....#.# #<# #.# #.#
.....#.# #.# #.# #.# ######.#
#.# #.# #.#


You could see Edmund (berserk).

Vanquished Creatures
  An iguana (D:2)
  An adder (D:2)
  A worm (D:3)
  A dart slug (D:1)
  A leopard gecko (D:2)
  An orc (D:3)
  A ball python (D:1)
  A giant cockroach (D:2)
  3 goblins
  4 hobgoblins
  3 bats (D:1)
  3 frilled lizards
  4 kobolds
  4 rats
29 creatures vanquished.

Notes
Turn   | Place    | Note
-------+----------+-------------------------------------------
     0 | D:1      | BritishOli the Demonspawn Gladiator began the quest for the
                  | Orb.
     0 | D:1      | Reached XP level 1. HP: 16/16 MP: 1/1
   399 | D:1      | Gained mutation: You are partially covered in sharp spines.
                  | [demonic ancestry]
   399 | D:1      | Reached XP level 2. HP: 18/22 MP: 2/2
   721 | D:2      | Gained mutation: You are partially covered in rugged brown
                  | scales. (AC +1, +3% HP) [demonic ancestry]
   721 | D:2      | Reached XP level 3. HP: 14/27 MP: 3/3
  1111 | D:2      | Found a snail-covered altar of Cheibriados.
  1237 | D:3      | Found a white marble altar of Elyvilon.
  1259 | D:3      | Reached XP level 4. HP: 35/35 MP: 4/4
  1360 | D:3      | Noticed an orc warrior
  1463 | D:4      | Found an iron altar of Okawaru.
  1493 | D:4      | Noticed Edmund
  1517 | D:4      | HP: 1/35 [Edmund/+0 flail of draining (14)]
  1517 | D:4      | Slain by Edmund

Levels and vault maps discovered:
D:1:      dpeg_arrival_snail, layout_basic
D:2:      layout_basic, cheibriados_altar_1
D:3:      layout_basic, overflow_temple_1_default, first_ration,
          minmay_misc_feat_x, uniq_crazy_yiuf_cottage, uniq_robin
D:4:      layout_basic, overflow_temple_1_default, serial_shops,
          kennysheep_mini_moat, bloody_makhleb, uniq_ijyb, uniq_edmund

Skill      XL: |  1  2 |
---------------+-------+-----
Long Blades    | 3 |  3.6
Dodging        | 3 |  3.3
Fighting       | |  2.4
Throwing       | |  1.7
Armour         | |  0.6

Action                   |  1- 3 |  4- 6 || total
-------------------------+-------+-------++-------
Melee: Long sword        |    57 |    10 ||    67
Throw: Throwing net      |       |     2 ||     2
 Stab: Held in net/web   |       |     1 ||     1
  Eat: Chunk             |       |     2 ||     2
Armor: Leather armour    |    22 |     2 ||    24
Dodge: Dodged            |    43 |     5 ||    48
       Rpst.: Long sword |    14 |     2 ||    16

Table legend:
 A = Non-vault XP
 B = Vault XP
 C = Vault XP percentage of total XP
 D = Non-vault monster count
 E = Vault monster count
 F = Vault count percentage of total count
                 A         B        C        D         E       F
            +---------+---------+-------+---------+---------+-------
      Total |     102 |       0 |   0.0 |      29 |       0 |   0.0
            +---------+---------+-------+---------+---------+-------
        D:1 |      23 |       0 |   0.0 |      14 |       0 |   0.0
        D:2 |      67 |       0 |   0.0 |      10 |       0 |   0.0
        D:3 |      12 |       0 |   0.0 |       5 |       0 |   0.0
            +---------+---------+-------+---------+---------+-------
